Map: Deathaura LE

Players

cure - Winner!

  • Race: Terran Terran
  • Spawn Location: 11:00

HeroMarine

  • Race: Terran Terran
  • Spawn Location: 5:00

Event: StayAtHome Story Cup #3

VOD

Have the link to the VOD?

Description

Time

  • Played on: March 13, 2021, 1:12 p.m.
  • Length: 24:18

All games in this series

Show
View Real Time Build Order
Export as new Build Order

cure Terran - Winner!

Build Orders:  

Get SALT Encoding   

  12  0:00  SCV  
  13  0:12  SCV  
  14  0:17  Supply Depot  
  14  0:24  SCV  
  15  0:38  SCV  
  15  0:39  Barracks  
  16  0:43  Refinery  
  16  0:50  SCV  
  16  0:52  Refinery  
  17  1:03  SCV  
  18  1:15  SCV  
  19  1:26  Reaper  
  19  1:27  Orbital Command, Supply Depot  
  20  1:44  Factory  
  20  1:53  SCV  
  21  1:58  Reaper  
  22  2:05  SCV  
  23  2:17  SCV  
  23  2:21  Command Center  
  24  2:27  Hellion  
  24  2:29  SCV  
  27  2:35  Supply Depot  
  27  2:37  Barracks Reactor  
  27  2:41  SCV  
  28  2:50  Starport  
  28  2:54  SCV  
  28  2:56  Widow Mine  
  31  3:06  SCV  
  32  3:13  Marine x2  
  32  3:16  Refinery  
  32  3:18  SCV, Factory Tech Lab  
  35  3:27  Medivac  
  35  3:30  SCV  
  35  3:33  Orbital Command  
  38  3:36  Marine x2  
  40  3:42  SCV  
  40  3:45  Factory Tech Lab  
  41  3:54  Supply Depot  
  41  3:56  SCV, Marine x2  
  41  3:59  SCV  
  45  4:06  Cyclone  
  45  4:08  SCV  
  49  4:11  SCV  
  49  4:14  Raven  
  52  4:19  Marine  
  52  4:20  SCV, Marine  
  52  4:23  SCV  
  56  4:27  Supply Depot  
  56  4:28  Supply Depot  
  56  4:32  SCV  
  56  4:35  SCV  
  58  4:38  Marine x2  
  58  4:44  SCV  
  60  4:47  SCV  
  60  4:48  Siege Tank  
  64  4:59  Marine  
  64  5:00  Marine  
  64  5:02  Command Center  
  64  5:03  SCV x2  
  64  5:05  Raven  
  70  5:13  Supply Depot  
  70  5:14  Supply Depot  
  70  5:15  SCV x2  
  70  5:17  Marine x2  
  74  5:21  Refinery  
  74  5:24  Siege Tank  
  74  5:28  SCV  
  78  5:35  SCV, Marine x2  
  79  5:40  SCV  
  82  5:43  Supply Depot  
  82  5:47  SCV  
  83  5:52  SCV, Barracks  
  83  5:54  Barracks  
  84  5:58  Siege Tank  
  84  5:59  SCV  
  84  6:03  Viking x2  
  92  6:04  SCV, Marine  
  92  6:05  Stimpack  
  95  6:11  SCV  
  95  6:15  Orbital Command  
  95  6:16  SCV  
  96  6:20  Engineering Bay x2  
  96  6:22  Marine  
  96  6:23  SCV  
  98  6:28  SCV  
  98  6:30  Siege Tank  
  102  6:33  Viking x2  
  102  6:36  SCV  
  107  6:40  Supply Depot x2  
  107  6:41  Barracks Reactor x2, SCV  
  107  6:44  Marine  
  107  6:47  SCV  
  110  6:48  SCV  
  110  6:53  SCV  
  112  6:59  SCV  
  112  7:00  SCV  
  114  7:02  Siege Tank  
  114  7:03  Terran Infantry Armor Level 1, Terran Infantry Weapons Level 1  
  114  7:05  SCV  
  117  7:14  SCV x2  
  114  7:15  Marine  
  114  7:16  Viking x2  
  114  7:17  SCV  
  114  7:21  Refinery x2, Barracks  
  114  7:22  Barracks  
  116  7:26  Sensor Tower  
  116  7:32  Marine x4  
  116  7:33  Marine  
  116  7:34  SCV x3  
  116  7:36  Siege Tank  
  127  7:38  Supply Depot  
  127  7:41  Supply Depot  
  127  7:42  Supply Depot  
  127  7:46  Medivac x2  
  131  7:55  SCV  
  131  7:57  SCV  
  133  7:59  Marine x4  
  133  8:01  Marine  
  133  8:04  Armory  
  133  8:05  Command Center  
  138  8:06  Combat Shield  
  138  8:11  Barracks Reactor, Siege Tank  
  141  8:12  Barracks Reactor  
  141  8:16  SCV  
  141  8:17  SCV x2  
  142  8:23  Marine x5  
  146  8:40  Marine x2, Medivac x2  
  146  8:41  Marine x3  
  155  8:48  SCV x2  
  155  8:51  Supply Depot  
  155  8:52  Supply Depot  
  155  8:53  Supply Depot  
  157  8:57  Terran Infantry Armor Level 2, Terran Infantry Weapons Level 2  
  157  8:58  Terran Vehicle Weapons Level 1  
  157  9:11  Factory  
  157  9:12  Refinery  
  157  9:13  SCV, Marine x9, Siege Tank  
  157  9:16  SCV x2  
  172  9:18  Planetary Fortress  
  172  9:23  Refinery  
  172  9:25  SCV, Viking x2  
  172  9:31  Marine x6  
  183  9:44  Marine x2  
  185  9:46  Siege Tank  
  185  9:48  Barracks Reactor, Marine x4  
  185  9:51  Sensor Tower, Command Center  
  192  9:57  Marine x2  
  194  10:01  Medivac  
  194  10:05  Barracks Reactor  
  196  10:10  Starport x2  
  196  10:26  Marine x2  
  196  10:30  Marine x6  
  196  10:31  Medivac, Siege Tank x2  
  137  10:43  Marine x2, Viking  
  137  10:47  Marine x3  
  137  10:48  Marine x5  
  140  10:54  Terran Vehicle Weapons Level 2  
  140  10:55  Starport Tech Lab  
  140  10:56  Starport Tech Lab  
  134  10:57  Starport  
  134  11:01  Marine x2, Viking  
  134  11:03  Siege Tank x2, Fusion Core  
  144  11:05  Marine x3  
  144  11:06  Marine x5  
  152  11:13  Viking  
  154  11:19  Marine x2  
  154  11:21  Viking  
  154  11:23  Marine x4, Viking  
  154  11:24  Marine x2  
  166  11:30  Viking  
  168  11:34  Marine x2  
  168  11:35  Siege Tank  
  168  11:36  Siege Tank  
  168  11:37  Marine x2  
  176  11:41  Marine x2  
  176  11:43  Viking  
  174  11:51  Viking  
  172  11:55  Marine x7  
  172  11:58  Terran Infantry Weapons Level 3  
  178  12:07  Siege Tank  
  178  12:08  Siege Tank  
  184  12:13  Terran Infantry Armor Level 3  
  184  12:18  Marine x4  
  184  12:19  Marine x4  
  192  12:28  Raven, Viking  
  194  12:36  Marine x5  
  190  13:01  Planetary Fortress  
  189  13:13  Command Center  
  189  13:16  Marine x4  
  180  13:22  Supply Depot  
  180  13:23  Supply Depot  
  180  13:24  Corvid Reactor  
  180  13:29  Raven  
  180  13:40  Marine  
  180  13:43  Raven, Siege Tank x2  
  180  13:45  Marine x8  
  196  13:51  Command Center  
  196  13:52  Command Center  
  196  13:54  Starport Tech Lab  
  196  14:17  Sensor Tower  
  196  14:24  Viking  
  196  14:25  Planetary Fortress  
  196  14:30  Refinery  
  200  14:33  Command Center  
  200  14:36  Raven, Viking  
  200  14:39  Siege Tank  
  199  14:53  Refinery  
  199  14:54  Terran Vehicle Weapons Level 3  
  199  15:08  Orbital Command x2  
  198  15:18  Raven  
  200  15:25  Missile Turret  
  200  15:31  Command Center  
  200  15:33  Starport, Missile Turret  
  200  15:34  Command Center  
  200  15:35  Starport  
  200  15:38  Starport  
  184  16:05  Raven x2  
  184  16:07  Missile Turret, Siege Tank x2  
  184  16:08  Missile Turret x2  
  184  16:09  Raven  
  184  16:11  Marine x8  
  195  16:20  Starport Tech Lab x3  
  195  16:24  Armory  
  194  16:31  Marine x7  
  194  16:32  Marine x3  
  194  16:39  Siege Tank x2  
  200  16:44  Sensor Tower  
  200  16:47  Missile Turret  
  200  16:48  Orbital Command x2  
  200  16:51  Neosteel Armor, Hi-Sec Auto Tracking  
  196  17:10  Planetary Fortress  
  196  17:11  Siege Tank  
  196  17:14  Refinery  
  196  17:15  Refinery, Terran Vehicle And Ship Armor Level 1, Command Center  
  194  17:24  Marine x4  
  159  17:30  Marine x6  
  159  17:31  Raven x5, Terran Ship Weapons Level 1  
  159  17:32  Viking  
  174  17:38  Siege Tank  
  174  17:41  Marine x2  
  165  17:59  Marine x10  
  165  18:00  Siege Tank  
  176  18:10  Raven, Viking, Siege Tank  
  183  18:14  Raven  
  183  18:17  Marine x4  
  189  18:24  Raven x3  
  189  18:25  Viking  
  197  18:33  Siege Tank  
  198  18:35  Missile Turret  
  198  18:46  Raven  
  200  18:54  Planetary Fortress  
  194  18:57  Missile Turret  
  194  18:58  Siege Tank  
  191  19:04  Marine x2  
  191  19:05  Marine x4, Siege Tank  
  171  19:18  Marine x4  
  171  19:19  Raven  
  171  19:20  Raven x2  
  171  19:22  Marine x4  
  171  19:23  Marine x2  
  185  19:29  Terran Ship Weapons Level 2  
  185  19:30  Siege Tank  
  188  19:36  Marine x4  
  188  19:37  Viking x2  
  188  19:38  Unknown, Medivac  
  198  19:40  Marine x2  
  198  19:41  Missile Turret  
  198  19:42  Unknown, Missile Turret  
  198  19:45  Marine x4  
  196  19:50  Medivac  
  195  20:08  Siege Tank  
  195  20:10  Marine x2  
  200  20:42  Marine x2  
  200  20:52  Marine x5  
  200  21:00  Terran Vehicle And Ship Armor Level 2  
  197  21:04  Siege Tank  
  200  21:21  Command Center  
  200  21:27  Missile Turret  
  174  21:33  Marine x6, Missile Turret  
  174  21:34  Marine x4  
  174  21:37  Raven x3, Siege Tank x2  
  174  21:38  Viking x2  
  178  21:40  Medivac x2  
  178  21:46  Command Center  
  181  21:51  Marine x8  
  181  21:52  Marine x2  
  183  21:55  Command Center  
  183  22:03  Raven  
  183  22:08  Viking x2  
  186  22:09  Marine x8  
  186  22:10  Raven, Marine x2  
  186  22:13  Siege Tank  
  191  22:26  Siege Tank  
  191  22:27  Marine x8  
  200  22:35  Marine x2  
  170  22:44  Marine x2  
  170  22:45  Marine x6, Siege Tank  
  178  22:53  Marine x2  
  147  22:58  Siege Tank  
  147  23:02  Raven x3, Marine x6  
  147  23:03  Marine x2  
  160  23:11  Marine x2  
  160  23:17  Siege Tank  
  158  23:20  Marine x8  
  163  23:29  Marine x2  
  163  23:30  Siege Tank  
  167  23:38  Marine x8  
  174  23:46  Marine x2, Viking, Medivac x3  
  174  23:47  Viking  
  195  23:56  Marine x5  
Show
View Real Time Build Order
Export as new Build Order

HeroMarine Terran 

Build Orders: Reaper Expand 

Get SALT Encoding   

  12  0:00  SCV  
  13  0:12  SCV  
  14  0:17  Supply Depot  
  14  0:24  SCV  
  15  0:38  SCV  
  15  0:40  Barracks  
  16  0:43  Refinery  
  16  0:50  SCV  
  17  1:02  SCV  
  18  1:15  SCV  
  19  1:27  Reaper, Orbital Command  
  20  1:40  Command Center  
  20  1:49  Supply Depot  
  20  1:53  SCV  
  21  1:59  Marine  
  22  2:05  SCV  
  23  2:09  Factory  
  23  2:17  SCV, Marine  
  23  2:18  Refinery  
  25  2:24  Bunker  
  25  2:29  SCV  
  26  2:34  Marine  
  27  2:41  SCV  
  28  2:53  Starport, Hellion  
  28  2:55  Orbital Command  
  30  2:59  SCV  
  30  3:01  Barracks Reactor  
  31  3:11  SCV  
  32  3:14  Factory Tech Lab  
  32  3:16  Refinery  
  32  3:21  SCV  
  32  3:23  SCV  
  34  3:30  Viking  
  34  3:32  Siege Tank  
  34  3:33  SCV  
  40  3:35  SCV  
  40  3:37  Supply Depot  
  40  3:39  Marine  
  40  3:41  Marine  
  43  3:45  SCV  
  43  3:47  SCV  
  45  3:56  Marine  
  45  3:59  SCV, Marine  
  45  4:00  SCV, Supply Depot  
  49  4:10  Factory Tech Lab  
  49  4:11  SCV  
  49  4:12  SCV  
  49  4:14  Marine  
  49  4:16  Raven, Marine  
  54  4:23  SCV  
  54  4:24  SCV, Supply Depot  
  56  4:32  Marine  
  56  4:33  Siege Tank  
  56  4:34  Marine  
  56  4:35  SCV  
  62  4:42  SCV  
  62  4:47  SCV, Command Center  
  62  4:51  Marine  
  62  4:52  Marine  
  65  4:54  SCV  
  65  4:55  Supply Depot  
  65  4:59  SCV, Raven  
  69  5:02  Refinery  
  69  5:06  SCV  
  70  5:13  Supply Depot  
  70  5:17  SCV, Marine x2, Siege Tank  
  70  5:19  SCV  
  77  5:28  Barracks  
  77  5:29  SCV, Barracks  
  77  5:34  Engineering Bay  
  77  5:35  SCV  
  79  5:36  Engineering Bay  
  80  5:42  SCV  
  80  5:47  SCV  
  80  5:49  Siege Tank  
  84  5:51  Stimpack  
  84  5:53  Viking  
  86  5:58  Viking  
  86  5:59  SCV x2, Supply Depot  
  86  6:00  Orbital Command  
  89  6:08  Terran Infantry Armor Level 1, Terran Infantry Weapons Level 1  
  89  6:11  SCV x2  
  90  6:17  Barracks Reactor x2, Supply Depot  
  91  6:22  Orbital Command  
  91  6:23  SCV x2, Viking  
  95  6:30  Supply Depot  
  95  6:32  Sensor Tower  
  95  6:33  Marine  
  95  6:35  SCV  
  95  6:36  SCV  
  98  6:45  Barracks  
  98  6:46  Barracks, Siege Tank  
  98  6:47  SCV  
  98  6:48  SCV  
  98  6:51  SCV  
  101  6:54  Viking  
  101  6:56  Viking  
  101  6:59  SCV  
  101  7:00  SCV  
  101  7:01  Refinery x2  
  106  7:03  SCV  
  107  7:11  SCV  
  107  7:12  SCV  
  107  7:15  SCV  
  105  7:18  Marine x4  
  105  7:19  Marine  
  109  7:23  SCV  
  109  7:24  SCV  
  109  7:27  SCV, Supply Depot  
  112  7:30  Supply Depot  
  112  7:33  Combat Shield  
  112  7:34  Barracks Reactor, Siege Tank  
  112  7:35  Barracks Reactor, SCV  
  112  7:36  SCV, Marine x3  
  120  7:39  SCV  
  120  7:40  Marine, Supply Depot  
  120  7:41  Armory  
  120  7:42  Marine  
  123  7:50  SCV, Medivac x2  
  123  7:51  SCV x2  
  129  7:54  Marine  
  131  8:03  Command Center  
  131  8:06  Marine x4  
  131  8:08  Factory  
  131  8:11  Marine, Siege Tank  
  131  8:12  Marine x3  
  142  8:13  Marine  
  141  8:23  Medivac x2  
  141  8:24  Marine x3  
  148  8:27  Supply Depot  
  148  8:28  Supply Depot  
  148  8:30  Supply Depot  
  148  8:38  Marine  
  149  8:49  Marine x7, Siege Tank  
  149  8:53  Medivac x2  
  149  8:54  Missile Turret  
  163  8:55  Marine  
  163  9:00  Barracks Reactor  
  163  9:01  SCV x3  
  163  9:02  Terran Infantry Armor Level 2, Terran Infantry Weapons Level 2  
  167  9:07  Marine x7  
  173  9:13  SCV, Marine  
  173  9:19  SCV  
  173  9:20  SCV  
  175  9:24  Marine x3  
  175  9:25  SCV  
  175  9:26  Siege Tank x2  
  184  9:35  Viking x2  
  185  9:40  Planetary Fortress  
  185  9:47  Terran Vehicle Weapons Level 1  
  185  9:51  Marine x2  
  185  9:52  Marine  
  188  9:54  Supply Depot  
  188  9:55  Refinery x2  
  188  9:57  Marine  
  188  9:58  Starport  
  189  10:00  Starport  
  189  10:04  Marine x4  
  189  10:06  Sensor Tower  
  193  10:10  Viking  
  195  10:16  Viking  
  195  10:17  Marine x2, Missile Turret  
  195  10:18  Marine x2  
  200  10:24  Command Center  
  200  10:33  Marine x4  
  200  10:34  Siege Tank  
  200  10:35  Marine x4  
  181  10:36  Marine x2  
  149  10:50  Marine, Siege Tank  
  149  10:51  Marine x3  
  149  10:52  Liberator x2  
  149  10:53  Marine x2, Viking  
  162  11:00  Marine x4  
  162  11:03  Viking  
  168  11:08  Marine x2  
  168  11:09  Marine x2  
  168  11:10  Siege Tank  
  168  11:11  Marine  
  176  11:12  Marine  
  176  11:18  Marine x4  
  178  11:22  Terran Infantry Weapons Level 3  
  181  11:26  Marine x3  
  180  11:34  Siege Tank  
  180  11:35  Marine x3  
  183  11:42  Siege Tank  
  183  11:46  Viking  
  183  11:47  Marine, Viking  
  180  11:48  Marine x2  
  180  11:49  Marine x4  
  180  11:52  Terran Vehicle Weapons Level 2, Marine  
  180  11:53  Marine  
  189  12:12  Siege Tank  
  189  12:14  Marine x2, Siege Tank  
  189  12:15  Marine x4  
  194  12:16  Marine x4  
  192  12:32  Marine x2  
  192  12:33  Viking x2  
  192  12:34  Viking  
  200  12:42  Terran Infantry Armor Level 3  
  200  12:55  Refinery, Command Center  
  200  12:58  Refinery  
  186  12:59  Marine x3  
  186  13:00  Marine x2  
  186  13:03  Marine x3, Siege Tank x2  
  188  13:08  Marine  
  188  13:09  Marine  
  188  13:10  Viking x4  
  194  13:16  Marine  
  186  13:39  SCV x3, Planetary Fortress  
  186  13:40  Viking x4  
  197  13:45  Sensor Tower  
  197  13:50  Fusion Core  
  197  13:51  Marine x2  
  199  13:56  Marine  
  200  14:18  Starport Reactor x2  
  200  14:20  Orbital Command  
  199  14:24  Starport, Command Center  
  199  14:37  Viking x2  
  195  14:38  Siege Tank  
  197  14:56  Viking  
  199  15:04  Starport Tech Lab  
  199  15:05  Refinery x2, Command Center  
  197  15:07  Viking  
  197  15:09  Starport  
  197  15:10  Starport  
  197  15:11  Terran Ship Weapons Level 1  
  197  15:12  Armory  
  198  15:21  Liberator  
  200  15:22  Liberator  
  200  15:28  Advanced Ballistics  
  200  15:38  Corvid Reactor  
  200  15:46  Missile Turret  
  200  15:48  Missile Turret  
  200  15:55  Starport Tech Lab x2  
  198  16:01  Sensor Tower  
  181  16:14  Terran Vehicle And Ship Armor Level 1  
  181  16:15  Neosteel Armor, Hi-Sec Auto Tracking  
  181  16:16  Raven x3  
  181  16:17  Liberator, Viking x4  
  181  16:18  Orbital Command, Viking  
  199  16:47  Rapid Reignition System  
  199  17:21  Marine  
  199  17:22  Marine x5  
  193  17:24  Marine x2, Siege Tank  
  193  17:28  Raven, Siege Tank  
  193  17:29  Raven x2, Viking  
  169  17:30  Viking  
  169  17:31  Marine x2  
  169  17:33  Liberator x2  
  169  17:34  Medivac  
  169  17:35  Medivac  
  179  17:39  Marine x2  
  179  17:40  Marine x4  
  179  17:42  Marine  
  186  17:46  Orbital Command  
  186  17:49  Marine x2  
  186  17:50  Command Center  
  188  17:52  Terran Ship Weapons Level 2  
  188  17:55  Marine  
  188  17:56  Siege Tank  
  188  17:57  Marine x2  
  185  17:59  Viking  
  185  18:02  Marine x2, Siege Tank  
  185  18:03  Marine x3  
  185  18:05  Liberator x2  
  199  18:06  Marine  
  200  18:25  Smart Servos  
  200  18:43  Terran Vehicle And Ship Armor Level 2  
  187  18:58  Siege Tank x2  
  187  19:01  Marine x3  
  187  19:02  Marine x2  
  185  19:04  Raven x3, Viking x2  
  185  19:05  Viking  
  187  19:13  Marine x4  
  187  19:14  Marine  
  187  19:15  Viking  
  181  19:19  Marine x3  
  181  19:20  Marine x2  
  182  19:26  Viking x2  
  182  19:30  Siege Tank  
  186  19:46  Raven  
  181  19:55  Siege Tank  
  181  19:56  Orbital Command  
  181  19:57  Marine x3  
  181  19:59  Marine x2  
  185  20:00  Marine x3  
  185  20:02  Siege Tank  
  192  20:08  Orbital Command  
  192  20:17  Viking  
  192  20:18  Viking  
  196  20:27  Unknown  
  196  20:28  Siege Tank  
  199  20:30  Unknown  
  199  20:34  Viking x2, Siege Tank  
  200  20:42  Viking  
  199  20:47  Viking x2  
  199  20:48  Viking  
  199  20:49  Marine, Viking  
  195  20:50  Marine x4  
  195  20:52  Marine x2  
  195  20:54  Marine x3  
  197  21:02  Viking x2  
  197  21:04  Viking  
  194  21:07  Marine x5  
  194  21:09  Marine  
  200  21:31  Marine x3  
  200  21:32  Orbital Command, Marine  
  189  21:33  Siege Tank  
  189  21:34  Marine x4, Siege Tank  
  189  21:35  Marine x2  
  189  21:37  Liberator  
  189  21:49  Marine x4  
  189  21:52  Marine x5  
  189  21:53  Marine  
  198  22:07  Marine x2  
  200  22:09  Refinery  
  200  22:10  Refinery  
  200  22:11  Siege Tank  
  198  22:24  Siege Tank  
  199  22:36  Marine x4  
  197  22:38  Marine x2  
  197  22:41  Marine  
  200  22:50  Command Center  
  194  22:52  Marine x2  
  194  22:54  Marine x2  
  194  22:56  Siege Tank  
  194  22:57  Marine x2  
  192  23:01  Siege Tank  
  192  23:05  Marine x4  
  192  23:10  Marine x2  
  192  23:11  Marine  
  192  23:12  Marine, Medivac x2  
  191  23:28  Siege Tank  
  191  23:29  Raven x3  
  191  23:33  Marine x2  
  191  23:34  Marine x4  
  197  23:36  Orbital Command  
  194  23:42  Marine  
  194  23:43  Marine  
  194  23:45  Marine x2  
  188  23:51  Marine x3  
  188  23:52  Marine x3  
Tags
 
Add a new tag
Caveats
  • Supply blocks, unpowered buildings, or Contaminate may cause inaccurate times.
  • Supply counts are checked every 10 seconds.